 Dungeon Crawl Stone Soup version 0.25-a0-265-g7af84ae0ac (webtiles) character file.

Game seed: 6871674358720564935, levelgen mode: classic

15040 Borgoz the Carver (level 12, -10/77 HPs)
             Began as a Gargoyle Fighter on Dec 7, 2019.
             Was a High Priest of Okawaru.
             Killed from afar by a deep elf knight (24 damage)
             ... with a lance of force
             ... on level 13 of the Dungeon.
             The game lasted 00:28:34 (14220 turns).

Borgoz the Carver (Gargoyle Fighter)               Turns: 14220, Time: 00:28:35

Health: -10/77     AC: 22    Str: 25    XL:     12   Next: 22%
Magic:  15/15      EV: 15    Int: 13    God:    Okawaru [*****.]
Gold:   227        SH:  5    Dex: 13    Spells: 15/16 levels left

rFire    . . .     SeeInvis .   w - +1 long sword (holy)
rCold    . . .     Gourm    .   x - +0 buckler
rNeg     + . .     Faith    .   A - +2 ring mail of the Crushed Places {Int+3}
rPois    ∞         Spirit   .   i - +1 helmet
rElec    +         Reflect  .   (no cloak)
rCorr    .         Harm     .   (no gloves)
MR       .....                  u - +1 pair of boots
Stlth    +.........             B - amulet of rage
HPRegen  0.22/turn              p - +5 ring of strength
MPRegen  0.14/turn              (no ring)

@: no status effects
A: negative energy resistance 1, electricity resistance, unbreathing,
petrification resistance, rot immunity, AC +8
a: Heroism, Finesse, Renounce Religion, Evoke Berserk Rage


You were on level 13 of the Dungeon.
You worshipped Okawaru.
Okawaru was extremely pleased with you.
You were not hungry.

You visited 2 branches of the dungeon, and saw 14 of its levels.

You collected 639 gold pieces.
You spent 412 gold pieces at shops.

Inventory:

Hand Weapons
 w - a +1 long sword of holy wrath (weapon)
 z - the +9 dire flail of the Madman {drain, MR+ Stlth+}
   (You took it off an ogre on level 7 of the Dungeon)

   A truly terrible weapon, it drains the life of those it strikes.
   It affects your resistance to hostile enchantments.
   It makes you more stealthy.
 F - a +3 great sword
Armour
 i - a +1 helmet (worn)
 u - a +1 pair of boots (worn)
 x - a +0 buckler (worn)
 A - the +2 ring mail of the Crushed Places (worn) {Int+3}
   (You found it on level 5 of the Dungeon)

   It affects your intelligence (+3).
 C - the +1 ring mail "Isostrog" {Int+3}
   (You found it on level 7 of the Dungeon)

   It affects your intelligence (+3).
Jewellery
 a - an uncursed ring of positive energy
 p - a +5 ring of strength (left hand)
 v - an uncursed amulet of guardian spirit
 B - an amulet of rage (around neck)
 H - an uncursed ring of positive energy
 I - an uncursed ring of protection from cold
Wands
 y - a wand of flame (41)
 E - a wand of iceblast (5)
 K - a wand of paralysis (9)
 M - a wand of disintegration (1)
Scrolls
 c - a scroll of magic mapping
 g - 2 scrolls of enchant weapon
 h - 7 scrolls of remove curse
 m - 6 scrolls of teleportation
 G - 2 scrolls of blinking
Potions
 b - a potion of magic
 d - 2 potions of might
 e - a potion of invisibility
 j - 6 potions of haste
 k - a potion of flight
 l - 2 potions of ambrosia
 n - 2 potions of agility
 o - 2 potions of curing
 s - a potion of resistance
 N - a potion of mutation
Comestibles
 f - 27 rations
 q - 5 chunks of flesh


   Skills:
 + Level 9.8 Fighting
 * Level 10.9 Long Blades
 + Level 9.7 Armour
 + Level 7.0 Dodging
 - Level 4.0 Shields
 + Level 2.5 Spellcasting
 + Level 2.3 Hexes
 + Level 2.5 Invocations
 + Level 2.1 Evocations


You had 15 spell levels left.
You knew the following spells:

 Your Spells              Type           Power        Failure   Level  Hunger
a - Confusing Touch       Hex            #.....       13%         1    #......

Your spell library contained the following spells:

 Spells                   Type           Power        Failure   Level  Hunger
 Animate Skeleton         Necr           N/A          34%         1    #......
 Apportation              Tloc           #.....       34%         1    #......
 Shock                    Conj/Air       #...         34%         1    #......
 Summon Small Mammal      Summ           #...         34%         1    #......
 Swiftness                Chrm/Air       #.......     45%         2    ###....
 Static Discharge         Conj/Air       #.......     71%         3    ###....
 Airstrike                Air            #.........   98%         4    #####..
 Lightning Bolt           Conj/Air       #.........   100%        5    ######.


Dungeon Overview and Level Annotations

Branches:
Dungeon (13/15)            Temple (1/1) D:7            Lair (0/6) D:11
    Orc (0/2) D:11
 Vaults: D:13-14

Altars:
Ashenzari
Cheibriados
Dithmenos
Elyvilon
Fedhas
Gozag
Hepliaklqana
Kikubaaqudgha
Makhleb
Nemelex Xobeh
Okawaru
Qazlal
Ru
Sif Muna
Trog
Uskayaw
Vehumet
Wu Jian
Xom
Yredelemnul
Zin
The Shining One
Beogh

Shops:
D:5 :!!*   D:9 %   D:13 (

Annotations:
D:13 Urug


Innate Abilities, Weirdness & Mutations

You are resistant to torment.
Your stone body is resilient. (AC +8)
You are immune to poison.
You resist negative energy. (rN+)
You are resistant to electric shocks. (rElec)
You can survive without breathing.
You are immune to petrification.
You are immune to rotting.


Message History

The deep elf knight casts a spell.
The deep elf knight seems to speed up.
You feel less invigorated.
You feel less confused. The deep elf knight closely misses you.
You block the deep elf knight's attack.
The deep elf knight hits you with a +0 scimitar.
* * * LOW HITPOINT WARNING * * *
The deep elf knight hits you but does no damage.
The deep elf knight completely misses you.
You riposte.
You miss the deep elf knight.
The deep elf knight hits you with a +0 scimitar.
* * * LOW HITPOINT WARNING * * *
The deep elf knight hits you with a +0 scimitar!
* * * LOW HITPOINT WARNING * * *
The deep elf knight casts a spell at you.
The stone arrow hits you but does no damage.
The deep elf knight points at you and mumbles some strange words.
The lance of force hits you!!
You die...

........##########.#
#..............
#..)...<.......
#....÷#######..
##....# +....#
#....# #....# #
#.@..#######.#
#.e..........#
#............#
#............#
#............#
#......#####.#
#......# # ##......#
.........#


You could see a deep elf knight.

Vanquished Creatures
  Snorg (D:12)
  Harold (D:7)
  A manticore (D:12)
  The ghost of sazatina the Carver, a novice VSFi of Uskayaw (D:7)
  A cyclops (D:11)
  Joseph (D:7)
  A gargoyle (D:11)
  4 kobold demonologists
  A komodo dragon (D:12)
  Prince Ribbit (D:7)
  4 slime creatures (D:12)
  2 hippogriffs
  A spriggan (D:9)
  A wraith (D:10)
  A shadow (D:12)
  9 yaks
  2 wyverns (D:11)
  A hungry ghost (D:12)
  3 vampire mosquitoes (D:12)
  Menkaure (D:4)
  A water moccasin (D:11)
  4 orc warriors
  5 ice beasts
  A sky beast (D:8)
  A phantom (D:8)
  5 centaurs
  8 ogres
  2 necrophages (D:9)
  2 big kobolds (D:10)
  6 bullfrogs
  A gnoll sergeant (D:9)
  6 scorpions
  2 wyvern skeletons
  3 wights (D:11)
  9 killer bees
  2 howler monkeys (D:4)
  3 centaur zombies
  2 bullfrog zombies
  3 crimson imps
  4 hounds
  A jelly (D:9)
  15 orc wizards
  6 orc priests
  2 bullfrog skeletons
  3 centaur skeletons
  4 iguanas
  10 worker ants
  A killer bee zombie (D:9)
  2 hound zombies (D:5)
  A hound skeleton (D:5)
  A worker ant zombie (D:5)
  11 gnolls
  A howler monkey zombie (D:6)
  15 adders
  3 shadow imps
  3 worms
  16 dart slugs
  3 leopard geckos
  65 orcs
  A ball python (D:3)
  6 bats
  4 giant cockroaches
  6 goblins
  7 hobgoblins
  21 jackals
  19 kobolds
  12 quokkas
  3 frilled lizards (D:1)
  A jackal zombie (D:5)
  2 leopard gecko skeletons (D:4)
  A leopard gecko zombie (D:5)
  A quokka skeleton (D:7)
  7 rats
362 creatures vanquished.

Vanquished Creatures (others)
  A wizard (D:11)
1 creature vanquished.

Grand Total: 363 creatures vanquished

Notes
Turn   | Place    | Note
-------+----------+-------------------------------------------
     0 | D:1      | Borgoz the Gargoyle Fighter began the quest for the Orb.
     0 | D:1      | Reached XP level 1. HP: 14/14 MP: 1/1
    81 | D:1      | Reached skill level 2 in Long Blades
   269 | D:1      | Reached XP level 2. HP: 14/19 MP: 2/2
   616 | D:1      | Reached XP level 3. HP: 23/23 MP: 3/3
  1008 | D:2      | Reached skill level 1 in Dodging
  1128 | D:2      | Reached XP level 4. HP: 28/29 MP: 4/4
  1254 | D:2      | Found a faded altar of an unknown god.
  1825 | D:2      | Reached skill level 3 in Long Blades
  2136 | D:3      | Reached XP level 5. HP: 31/33 MP: 5/5
  2651 | D:4      | Reached XP level 6. HP: 39/39 MP: 6/6
  2810 | D:4      | Noticed Menkaure
  2822 | D:4      | Killed Menkaure
  2822 | D:4      | Reached skill level 4 in Long Blades
  2824 | D:4      | Reached XP level 7. HP: 10/44 MP: 7/7
  3652 | D:4      | Reached skill level 5 in Fighting
  3911 | D:4      | Reached skill level 5 in Armour
  4141 | D:5      | Entered Level 5 of the Dungeon
  4253 | D:5      | Reached skill level 5 in Long Blades
  4399 | D:5      | Found Qepnyuvuj's Distillery.
  4401 | D:5      | Found Foeraes's General Store.
  4404 | D:5      | Found Vudocve's Distillery.
  4405 | D:5      | Found Atecvi Tosto's Book Shoppe.
  4415 | D:5      | Bought a scroll of teleportation for 33 gold pieces
  4490 | D:5      | Got a smoking ring mail
  4501 | D:5      | Identified the +2 ring mail of the Crushed Places {Int+3}
                  | (You found it on level 5 of the Dungeon)
  4563 | D:5      | Reached XP level 8. HP: 49/49 MP: 8/8
  5130 | D:6      | Found a runed translucent door.
  5697 | D:6      | Reached skill level 6 in Long Blades
  6362 | D:7      | Reached XP level 9. HP: 33/55 MP: 9/9
  6503 | D:7      | Noticed Joseph
  6506 | D:7      | Noticed sazatina's ghost (novice VSFi)
  6507 | D:7      | Found a transporter.
  6507 | D:7      | Identified the +9 dire flail of the Madman {drain, MR+
                  | Stlth+}
  6523 | D:7      | Killed Joseph
  6571 | D:7      | Noticed Harold
  6603 | D:7      | Killed Harold
  6603 | D:7      | Reached skill level 7 in Long Blades
  7001 | D:7      | Noticed Prince Ribbit
  7018 | D:7      | Killed Prince Ribbit
  7054 | D:7      | Found a shattered altar of Ashenzari.
  7069 | D:7      | Got a distressingly furry ring mail
  7083 | D:7      | Identified the +1 ring mail "Isostrog" {Int+3} (You found
                  | it on level 7 of the Dungeon)
  7293 | D:7      | Found a staircase to the Ecumenical Temple.
  7302 | Temple   | Entered the Ecumenical Temple
  7608 | D:8      | Reached skill level 8 in Long Blades
  7653 | D:8      | Reached XP level 10. HP: 63/63 MP: 10/10
  7664 | D:8      | Reached skill level 5 in Dodging
  8880 | D:9      | Found Viug Sir's Food Shoppe.
  8968 | D:9      | Found a shattered altar of Ashenzari.
  9174 | Temple   | Became a worshipper of Warmaster Okawaru
  9491 | D:9      | Reached skill level 9 in Long Blades
  9591 | D:10     | Entered Level 10 of the Dungeon
  9875 | D:10     | Reached * piety under Okawaru
 10478 | D:11     | Noticed a kobold demonologist
 10485 | D:11     | Noticed a kobold demonologist
 10486 | D:11     | Noticed a kobold demonologist
 10577 | D:11     | Reached ** piety under Okawaru
 10577 | D:11     | Reached XP level 11. HP: 44/69 MP: 11/11
 10717 | D:11     | Noticed a cyclops
 10869 | D:5      | Bought a book of Cantrips for 280 gold pieces
 10872 | D:5      | Bought a potion of heal wounds for 55 gold pieces
 10872 | D:5      | Bought a potion of might for 44 gold pieces
 11261 | D:6      | Found a roughly hewn altar of Beogh.
 11372 | D:7      | Found a transporter.
 11380 | D:7      | Killed sazatina's ghost
 11383 | D:7      | Reached skill level 10 in Long Blades
 11527 | D:10     | Reached *** piety under Okawaru
 11665 | D:11     | Learned a level 1 spell: Confusing Touch
 11748 | D:11     | Killed a cyclops
 11748 | D:11     | Reached **** piety under Okawaru
 12002 | D:11     | Found a staircase to the Lair.
 12039 | D:11     | Found a staircase to the Orcish Mines.
 12151 | D:11     | Found a bloodstained altar of Trog.
 12193 | D:11     | Noticed a wizard
 12195 | D:11     | Killed a wizard
 12287 | D:12     | Reached skill level 1 in Hexes
 12314 | D:12     | Noticed a manticore
 12319 | D:12     | Reached skill level 1 in Spellcasting
 12389 | D:12     | Killed a manticore
 12389 | D:12     | Reached skill level 1 in Invocations
 12467 | D:12     | Reached skill level 1 in Evocations
 12817 | D:12     | Reached ***** piety under Okawaru
 12817 | D:12     | Reached XP level 12. HP: 41/76 MP: 13/15
 13136 | D:12     | Noticed Snorg
 13408 | D:12     | Killed Snorg
 13419 | D:12     | Noticed an eight-headed hydra
 14124 | D:13     | Found Hailefut's Weapon Shoppe.
 14177 | D:13     | Noticed a deep elf knight
 14187 | D:13     | Noticed a deep elf knight
 14193 | D:13     | Noticed Urug
 14220 | D:13     | Killed from afar by a deep elf knight

Levels and vault maps discovered:
D:1:      minmay_arrival_nine_rooms, layout_rooms
D:2:      layout_basic, chequers_ecumenical_altar_island, minmay_heptomino_h4
D:3:      layout_basic
D:4:      kennysheep_slugbush, layout_basic, first_ration, uniq_menkaure
D:5:      layout_loops_corners, minmay_shop_grid_forest
D:6:      layout_basic, lightli_church_of_beogh
D:7:      layout_cave_pods, lemuel_coloured_pillars_altar,
          minmay_temple_entry_poolview, gammafunk_ghost_smash,
          uniq_prince_ribbit1, uniq_harold, uniq_joseph
D:8:      layout_loops_ring
D:9:      layout_loops_ring, serial_shops, nicolae_shop_stone, the_bakery,
          nicolae_ashenzari_panopticon
D:10:     layout_loops_corners
D:11:     layout_cave_pools, lair_entry_dummy, orc_0_dummy, serial_column_ruins,
          column_ruins_hut_pillars, column_ruins_hut, column_ruins_grid_1,
          column_ruins_open_tiny, column_ruins_grid_3, column_ruins_open_medium,
          column_ruins_open_small_water, column_ruins_open_medium_water,
          trog_wizard
D:12:     layout_loops_ring, hangedman_corner_corridor, uniq_snorg
D:13:     layout_irregular_city, david_vaults_1, serial_shops,
          nicolae_shop_behind_doors, shop, shop, sword_in_stone
Temple:   kilobyte_greek_temple

Skill      XL: |  1  2  3  4  5  6  7  8  9 10 11 12 |
---------------+-------------------------------------+-----
Long Blades    | 2 3 4 5 6 8 9 10 | 10.9
Dodging        | 1 2 3 4 6 7 |  7.0
Fighting       | 4 5 6 7 8 9 |  9.8
Armour         | 4 5 6 7 8 9 |  9.7
Shields        | 4 |  4.0
Hexes          | 1 2 |  2.3
Spellcasting   | 2 |  2.5
Invocations    | 1 2 |  2.5
Evocations     | 1 2 |  2.1

Action                   |  1- 3 |  4- 6 |  7- 9 | 10-12 || total
-------------------------+-------+-------+-------+-------++-------
Melee: Long sword        |   132 |   197 |   495 |   877 ||  1701
Throw: Throwing net      |       |       |     1 |     5 ||     6
Invok: Heroism           |       |       |       |     2 ||     2
 Abil: Evoke Berserk Rag |       |       |       |     2 ||     2
Evoke: Wand              |       |       |       |     8 ||     8
  Use: Scroll            |       |       |     4 |    21 ||    25
       Potion            |       |       |     2 |     4 ||     6
 Stab: Held in net/web   |       |       |       |     3 ||     3
  Eat: Chunk             |     1 |     5 |    16 |    27 ||    49
Armor: Scale mail        |    97 |   119 |   126 |       ||   342
       Ring mail         |       |       |   212 |   304 ||   516
Dodge: Dodged            |    52 |    88 |   272 |   503 ||   915
Block: Shield            |    88 |    97 |     3 |       ||   188
       Buckler           |       |       |   109 |   189 ||   298
       Rpst.: Long sword |    10 |    32 |   102 |   121 ||   265

Table legend:
 A = Non-vault XP
 B = Vault XP
 C = Vault XP percentage of total XP
 D = Non-vault monster count
 E = Vault monster count
 F = Vault count percentage of total count
                 A         B        C        D         E       F
            +---------+---------+-------+---------+---------+-------
      Total |   15431 |    6056 |  28.2 |     307 |      55 |  15.2
            +---------+---------+-------+---------+---------+-------
        D:1 |      61 |       0 |   0.0 |      31 |       0 |   0.0
        D:2 |      57 |      23 |  28.8 |      17 |       4 |  19.0
        D:3 |     138 |       4 |   2.8 |      24 |       1 |   4.0
        D:4 |     493 |     200 |  28.9 |      16 |       8 |  33.3
        D:5 |     422 |       0 |   0.0 |      30 |       0 |   0.0
        D:6 |     535 |     482 |  47.4 |      18 |      25 |  58.1
        D:7 |     759 |    2631 |  77.6 |      33 |       7 |  17.5
        D:8 |    1589 |       0 |   0.0 |      29 |       0 |   0.0
        D:9 |     921 |     224 |  19.6 |      23 |       1 |   4.2
       D:10 |    2384 |       0 |   0.0 |      31 |       0 |   0.0
       D:11 |    3740 |       0 |   0.0 |      29 |       0 |   0.0
       D:12 |    4279 |    2492 |  36.8 |      23 |       9 |  28.1
       D:13 |      53 |       0 |   0.0 |       3 |       0 |   0.0
            +---------+---------+-------+---------+---------+-------
